AoeStats
← Jack

Arena

507956495Analyzed
4v4 RM · 13d ago on Sep 20, 2026· 55m 10s· 8 players
Game mode
Random Map
Map size
Large (8 player)
Population
200
Speed
Normal
Resources
Standard
Victory
Conquest
Starting age
Dark Age
Ending age
Imperial Age
RankedLock teamsTeams togetherTeam positionsShared explorationLock speedFull tech treeHidden civsTurbo modeCheats
Victory
Defeat
🇮🇳 Vikings · India
881
+12
🇹🇼 Saracens · Taiwan
868
+12
🇹🇷 Mongols · Türkiye
801
+15
🇩🇪 Turks · Germany
538
+26
🇨🇳 Bohemians · China
843
-19
🇹🇼 Khmer · Taiwan
796
-22
🇬🇧 Byzantines · United Kingdom
741
-15
🇨🇳 Britons · China
716
-14
youshiniya
11:17 Feudal Age
11:39 Horse Collar
11:46 Double-Bit Axe
19:22 Castle Age
22:30 Bow Saw
22:23 Heavy Plow
24:12 Loom
25:11 Wheelbarrow
26:39 Fletching
26:53 Squires
27:13 Hand Cart
27:30 Gold Mining
27:31 Stone Mining
27:41 Bodkin Arrow
27:19 Pikeman
29:06 Gold Shaft Mining
32:18 Imperial Age
30:19 Padded Archer Armor
32:01 Ballistics
32:00 Leather Archer Armor
31:58 Forging
34:02 Elite Longbowman
35:05 Conscription
36:10 Chemistry
35:24 Masonry
37:55 Yeomen
39:22 Bracer
39:53 Ring Archer Armor
41:00 Halberdier
44:17 Iron Casting
43:42 Scale Mail Armor
Jack
4:25 Loom
8:17 Loom
11:14 Feudal Age
12:20 Double-Bit Axe
12:50 Horse Collar
20:29 Castle Age
18:59 Scale Mail Armor
19:24 Stone Mining
19:25 Gold Mining
19:39 Fletching
23:41 Padded Archer Armor
23:48 Heavy Plow
24:16 Bow Saw
27:36 Stone Shaft Mining
28:01 Husbandry
29:41 Scale Barding Armor
29:47 Forging
29:21 Elite Skirmisher
31:04 Wheelbarrow
30:45 Pikeman
35:13 Imperial Age
33:02 Hand Cart
33:07 Fortified Wall
33:54 Thumb Ring
34:36 Squires
34:59 Murder Holes
36:34 Conscription
41:54 Guilds
41:14 Halberdier
42:37 Iron Casting
42:17 Chain Mail Armor
42:23 Chain Barding Armor
41:58 Bodkin Arrow
42:19 Leather Archer Armor
战鹰
0:37 Loom
10:42 Feudal Age
11:14 Double-Bit Axe
11:12 Horse Collar
19:53 Castle Age
20:50 Bow Saw
20:43 Heavy Plow
26:44 Caravan
34:31 Imperial Age
34:02 Wheelbarrow
34:04 Wagenburg Tactics
34:02 Pikeman
34:45 Squires
34:31 Arson
34:49 Scale Mail Armor
35:00 Forging
35:06 Halberdier
36:21 Guilds
37:19 Elite Hussite Wagon
38:25 Conscription
38:33 Chain Mail Armor
38:54 Iron Casting
40:32 Plate Mail Armor
40:06 Fletching
41:29 Chemistry
40:51 Ballistics
40:48 Siege Engineers
44:42 Two-Man Saw
46:22 Padded Archer Armor
46:50 Ballistics
52:13 Hand Cart
53:12 Blast Furnace
52:15 Bodkin Arrow
52:42 Leather Archer Armor
52:54 Masonry
52:25 Treadmill Crane
52:25 Houfnice
Dyhvi
10:52 Feudal Age
13:09 Double-Bit Axe
15:33 Horse Collar
20:31 Castle Age
19:02 Gold Mining
19:04 Stone Mining
22:32 Wheelbarrow
22:16 Husbandry
22:27 Bloodlines
23:55 Gold Shaft Mining
23:55 Stone Shaft Mining
23:23 Heavy Plow
23:36 Bow Saw
31:08 Imperial Age
29:40 Masonry
30:33 Fortified Wall
31:51 Hand Cart
32:22 Conscription
32:38 Hoardings
33:22 Town Watch
34:11 Elite Ballista Elephant
35:42 Ballistics
36:27 Chemistry
36:40 Crop Rotation
38:21 Double Crossbow
38:49 Forging
38:40 Scale Mail Armor
38:46 Scale Barding Armor
38:41 Padded Archer Armor
38:32 Fletching
39:19 Architecture
40:26 Tusk Swords
44:30 Iron Casting
44:11 Chain Mail Armor
44:16 Chain Barding Armor
44:12 Leather Archer Armor
43:52 Bodkin Arrow
54:33 Light Cavalry
Owen Knight
9:36 Feudal Age
12:50 Double-Bit Axe
17:16 Castle Age
18:30 Bow Saw
25:36 Horse Collar
25:54 Gold Mining
25:57 Stone Mining
26:15 Town Watch
28:19 Gold Shaft Mining
28:55 Caravan
30:04 Padded Archer Armor
29:55 Fletching
30:06 Scale Mail Armor
30:16 Forging
32:50 Imperial Age
31:46 Heavy Plow
32:09 Crossbowman
32:10 Elite Skirmisher
33:23 Arbalester
34:24 Bogsveigar
34:27 Chieftains
33:48 Elite Berserk
34:06 Capped Ram
34:55 Onager
36:23 Leather Archer Armor
36:04 Bodkin Arrow
36:25 Chain Mail Armor
36:45 Iron Casting
39:14 Bracer
39:44 Ring Archer Armor
41:29 Plate Mail Armor
41:34 Iron Casting
52:35 Heated Shot
53:07 Ballistics
52:53 Siege Engineers
53:00 Fortified Wall
Fatih
12:58 Feudal Age
14:46 Wheelbarrow
13:58 Double-Bit Axe
17:24 Castle Age
16:07 Horse Collar
21:31 Bow Saw
21:22 Heavy Plow
21:59 Gold Mining
24:12 Fortified Wall
24:13 Masonry
24:24 Ballistics
23:57 Stone Mining
24:46 Gold Shaft Mining
25:33 Hand Cart
25:04 Loom
25:09 Town Watch
29:10 Stone Shaft Mining
32:56 Imperial Age
30:40 Fletching
30:51 Padded Archer Armor
31:01 Forging
30:56 Scale Barding Armor
33:01 Bodkin Arrow
33:22 Leather Archer Armor
33:45 Iron Casting
33:22 Husbandry
33:32 Bloodlines
34:42 Chemistry
34:45 Chain Barding Armor
34:26 Bracer
34:30 Nomads
33:51 Elite Mangudai
34:52 Drill
35:10 Hoardings
34:56 Conscription
35:16 Hoardings
34:23 Capped Ram
35:42 Heavy Camel Rider
35:47 Light Cavalry
38:32 Blast Furnace
37:34 Heavy Scorpion
37:37 Siege Ram
38:23 Elite Skirmisher
41:46 Parthian Tactics
41:27 Thumb Ring
45:51 Hussar
51:02 Town Patrol
55:20 Scale Mail Armor
帥哥乃
0:37 Loom
10:37 Feudal Age
11:07 Double-Bit Axe
11:20 Gold Mining
18:23 Castle Age
16:38 Stone Mining
18:23 Town Watch
18:57 Horse Collar
21:26 Squires
21:29 Husbandry
22:10 Bow Saw
22:08 Heavy Plow
25:39 Gold Shaft Mining
27:15 Bloodlines
27:23 Treadmill Crane
27:42 Murder Holes
27:32 Pikeman
31:46 Wheelbarrow
32:42 Forging
32:24 Fletching
33:55 Thumb Ring
33:11 Elite Skirmisher
33:27 Elite Skirmisher
34:30 Caravan
35:19 Town Patrol
34:51 Light Cavalry
35:01 Crossbowman
35:59 Bimaristan
39:18 Imperial Age
37:55 Bodkin Arrow
38:08 Scale Barding Armor
38:31 Ballistics
38:25 Masonry
38:32 Masonry
38:33 Fortified Wall
38:45 Fervor
41:38 Chemistry
40:54 Siege Engineers
41:19 Conscription
41:42 Counterweights
43:29 Hoardings
44:41 Heavy Camel Rider
48:24 Elite Mameluke
51:09 Two-Man Saw
50:44 Hand Cart
54:55 Hussar
Laulipauliquappenkauli
12:08 Feudal Age
13:19 Double-Bit Axe
13:29 Horse Collar
15:38 Wheelbarrow
21:56 Castle Age
24:03 Hand Cart
26:31 Heavy Plow
26:55 Bow Saw
27:38 Caravan
31:50 Gold Mining
31:52 Stone Mining
33:33 Coinage
36:55 Imperial Age
35:03 Gold Shaft Mining
35:15 Heated Shot
35:36 Masonry
35:23 Fletching
35:33 Padded Archer Armor
35:35 Scale Mail Armor
Connection lost

Rejoining the realm…

Still unreachable

The connection could not be restored.

Session expired

The server has moved on; the page needs a fresh start.